 Dungeon Crawl Stone Soup version 0.28-a0-925-gd5e1996cdb (webtiles) character file.

Game seed: 5041287605162745929

534 bande the Chopper (level 7, -7/44 HPs)
             Began as a Gargoyle Fighter on Nov 26, 2021.
             Mangled by an ogre (26 damage)
             ... on level 5 of the Dungeon.
             The game lasted 00:07:05 (5091 turns).

bande the Chopper (Gargoyle Fighter)                Turns: 5091, Time: 00:07:05

Health: -7/44      AC: 19    Str: 20    XL:     7   Next: 25%
Magic:  7/7        EV:  9    Int:  9    God:
Gold:   241        SH:  4    Dex: 10    Spells: 5/6 levels left

rFire   + . .      SeeInvis .   a - +0 war axe (protect)
rCold   . . .      Faith    .   c - +0 buckler
rNeg    + . .      Spirit   .   b - +0 scale mail
rPois   ∞          Reflect  .   (no helmet)
rElec   +          Harm     .   (no cloak)
rCorr   +          Rampage  .   (no gloves)
Will    .....                   (no boots)
Stlth   ..........              (no amulet)
HPRegen 0.14/turn               m - ring of protection from fire
MPRegen 0.10/turn               t - ring of resist corrosion

@: under a protective aura
A: sickness immunity, AC +4, negative energy resistance 1, electricity
resistance, torment resistance 1, petrification resistance
a: no special abilities


You were on level 5 of the Dungeon.
You visited 2 branches of the dungeon, and saw 6 of its levels.

You collected 241 gold pieces.

Inventory:

Hand Weapons
 a - a +0 war axe of protection (weapon)
 n - a +0 flail of venom
Armour
 b - a +0 scale mail (worn)
 c - a +0 buckler (worn)
Jewellery
 m - a ring of protection from fire (left hand)
 t - a ring of resist corrosion (right hand)
Wands
 o - a wand of iceblast (3)
Scrolls
 p - a scroll of fear
Potions
 d - a potion of might
 e - 2 potions of haste {unknown}
 f - a potion of degeneration {unknown}
 g - 3 potions of invisibility
 h - a potion of attraction {unknown}
 i - 2 potions of berserk rage {unknown}
 j - a potion of heal wounds {unknown}
 k - a potion of flight {unknown}
 l - a potion of magic {unknown}
 r - a potion of lignification {unknown}


   Skills:
 + Level 4.4 Fighting
 + Level 4.7 Axes
 + Level 4.6 Armour
 + Level 4.3 Shields
 * Level 1.7 Translocations
 * Level 1.3 Evocations


You had 5 spell levels left.
You knew the following spells:

 Your Spells              Type           Power      Damage    Failure   Level
a - Apportation           Tloc           6%         N/A       50%         1

Your spell library contained the following spells:

 Spells                   Type           Power      Damage    Failure   Level
 Animate Skeleton         Necr           0%         N/A       73%         1
 Pain                     Necr           0%         1d4       73%         1
 Summon Small Mammal      Summ           0%         N/A       73%         1
 Vampiric Draining        Necr           0%         2d6       97%         3


Dungeon Overview and Level Annotations

Branches:
Dungeon (5/15)             Temple (1/1) D:4

Altars:
Ashenzari
Cheibriados
Dithmenos
Fedhas
Gozag
Hepliaklqana
Kikubaaqudgha
Makhleb
Nemelex Xobeh
Ru
Sif Muna
Trog
Vehumet
Wu Jian
Xom
Yredelemnul
Zin
The Shining One
Jiyva

Shops:
D:2 :


Innate Abilities, Weirdness & Mutations

You are immune to sickness and miasma.
Your stone body is resilient. (AC +4)
You are immune to poison.
You resist negative energy. (rN+)
You are resistant to electric shocks. (rElec)
You are resistant to unholy torment.
You are immune to petrification.


Message History

You slash the water moccasin skeleton!
The water moccasin skeleton is almost destroyed.
The water moccasin skeleton bites you but does no damage. x2
You hit the water moccasin skeleton.
The water moccasin skeleton is almost destroyed.
The water moccasin skeleton bites you but does no damage.
You closely miss the water moccasin skeleton.
The water moccasin skeleton is almost destroyed.
The water moccasin skeleton closely misses you.
You slash the water moccasin skeleton!
You destroy the water moccasin skeleton!
No target in view!
No target in view!
No target in view!
No target in view!
No target in view!
No target in view!
An ogre comes into view. It is wielding a +0 giant spiked club.
The ogre shouts!
An ogre is nearby!
Found 15 gold pieces.
The ogre hits you with a +0 giant spiked club!!
Ouch! That really hurt!
You are too injured to fight recklessly!
You are too injured to fight recklessly!
You are too injured to fight recklessly!
You are too injured to fight recklessly!
You are too injured to fight recklessly!
You are too injured to fight recklessly!
You are too injured to fight recklessly!
You are too injured to fight recklessly!
You are too injured to fight recklessly!
You are too injured to fight recklessly!
You are too injured to fight recklessly!
You hit the ogre.
Your weapon exudes an aura of protection.
The ogre is lightly wounded.
The ogre hits you with a +0 giant spiked club!!
Ouch! That really hurt!
You die...

,*,,,,,,,,***,,,**,*
#.# #(#
,***,,,,,,,,,,,..#,*
#.# #.#
>,,,,,,,,,,,,,,.$^,*
#.# #.#
***************#.#**
#.# #.# #.# #.# #.#
#.# #.####.# #.#
#.#....# #O#
#.#.#### #@# #.#.#
#.# #.#.# #.# #.#.#
#.# #.#.#
#.#####.#.#
#.......#.#
#########.# #)# #.#


You could see an ogre.

Vanquished Creatures
  Menkaure (D:4)
  An ice beast (D:5)
  2 water moccasin skeletons
  A hound (D:4)
  An iron imp (D:4)
  A centaur skeleton (D:5)
  2 hound skeletons (D:4)
  4 adders
  A worm (D:3)
  An adder skeleton (D:5)
  3 dart slugs
  4 orcs (D:4)
  5 ball pythons
  7 endoplasms
  3 giant cockroaches (D:4)
  8 goblins
  7 hobgoblins
  2 jackals (D:2)
  5 quokkas
  6 bats (D:1)
  3 frilled lizards (D:1)
  A jackal skeleton (D:4)
  5 kobolds
  3 rats
77 creatures vanquished.

Notes
Turn   | Place    | Note
-------+----------+-------------------------------------------
     0 | D:1      | bande the Gargoyle Fighter began the quest for the Orb.
     0 | D:1      | Reached XP level 1. HP: 14/14 MP: 1/1
   230 | D:1      | Reached XP level 2. HP: 19/19 MP: 2/2
   595 | D:1      | Reached XP level 3. HP: 21/23 MP: 3/3
  1402 | D:2      | Found Zaec's Book Boutique.
  1523 | D:2      | Reached XP level 4. HP: 29/29 MP: 4/4
  2342 | D:3      | Learned a level 1 spell: Apportation
  2725 | D:3      | Found a shadowy altar of Dithmenos.
  2804 | D:3      | Found a bloodstained altar of Trog.
  2924 | D:4      | Noticed Menkaure
  2925 | D:4      | Found an ancient bone altar of Kikubaaqudgha.
  2926 | D:4      | Found a transporter.
  2927 | D:4      | Found a transporter.
  2950 | D:4      | Found a blossoming altar of Fedhas.
  2986 | D:4      | Reached XP level 5. HP: 33/33 MP: 5/5
  3072 | D:4      | Found a staircase to the Ecumenical Temple.
  3100 | Temple   | Entered the Ecumenical Temple
  3241 | D:4      | Found a glowing golden altar of the Shining One.
  3659 | D:4      | Found a basalt altar of Yredelemnul.
  3734 | D:4      | Noticed an angel
  3735 | D:4      | Found a glowing silver altar of Zin.
  3738 | D:4      | Found a shimmering altar of Xom.
  3940 | D:4      | Found a snail-covered altar of Cheibriados.
  3951 | D:4      | Reached skill level 1 in Translocations
  3951 | D:4      | Reached XP level 6. HP: 34/38 MP: 6/6
  4062 | D:4      | Killed Menkaure
  4425 | D:5      | Entered Level 5 of the Dungeon
  4505 | D:5      | Noticed an ice beast
  4516 | D:5      | Killed an ice beast
  4517 | D:5      | Reached skill level 1 in Evocations
  4517 | D:5      | Reached XP level 7. HP: 22/44 MP: 7/7
  5091 | D:5      | Mangled by an ogre

Illustrated notes

Levels and vault maps discovered:
D:1:      kennysheep_arrival_forest, layout_loops_ring, minmay_misc_feat_chi,
          chequers_serial_rivers_large_b, nrook_campfire
D:2:      layout_loops_corners, serial_shops, nicolae_lakefront_shop
D:3:      layout_basic, mainiacjoe_overflow_brackets, trog_book
D:4:      layout_basic, grunt_temple_overflow_order_and_chaos_1,
          chei_slow_surprise, tso_metal_star, nicolae_overflow_crystal_walls,
          gammafunk_temple_of_torment, minmay_temple_entry_junction
D:5:      layout_basic, kennysheep_generic_room_14, uniq_sigmund
Temple:   pf_slimified_temple

Skill      XL: |  1  2  3  4  5  6 |
---------------+-------------------+-----
Axes           | 2 3 4 |  4.7
Shields        | 4 |  4.3
Fighting       | 4 |  4.4
Armour         | 4 |  4.6
Translocations | 1 |  1.7
Evocations     | 1 |  1.3

Action                   |  1- 3 |  4- 6 |  7- 9 || total
-------------------------+-------+-------+-------++-------
Melee: War axe           |    91 |   145 |    16 ||   252
  Use: Scroll            |       |     6 |     1 ||     7
Armor: Scale mail        |    48 |    90 |    13 ||   151
Dodge: Dodged            |    41 |    60 |     8 ||   109
Block: Buckler           |    27 |    27 |     3 ||    57

Table legend: (Time is in decaauts)
 A = Elapsed time spent in this place.
 B = Non-inter-level travel time spent in this place.
 C = Inter-level travel time spent in this place.
 D = Time resting spent in this place.
 E = Time spent auto-exploring this place.
 F = Levels seen in this place.
 G = Mean time per level.
                   A        B        C        D        E       F      G
               +--------+--------+--------+--------+--------+-----+--------+
         Total |   5272 |   5015 |    257 |    765 |   3417 |   6 |  878.7 |
       Dungeon |   5152 |   4895 |    257 |    765 |   3339 |   5 | 1030.4 |
        Temple |    119 |    119 |      0 |      0 |     78 |   1 |  119.0 |
               +--------+--------+--------+--------+--------+-----+--------+

Top non-repeatable levels by time:
     D:1: 1516 daAuts
     D:4: 1438 daAuts
     D:2: 862 daAuts
     D:5: 671 daAuts
     D:3: 662 daAuts
  Temple: 119 daAuts
